| TOP OF THE 1ST |
|
Johnson City Cardinals batting - Pitching for Helena Brewers : RHP Johnathan Starr
|
|
Pitching: RHP Johnathan Starr
|
|
|
Batting: RHB Chris Rouleau
|
0-0: Called Strike 0-1: Foul Ball, location: 2F 0-2: Strikes out looking
|
|
Batting: LHB Ken Compton
|
0-0: Ground out 5-3 (Groundball, 56S, EV 73.8 MPH)
|
|
Batting: RHB Nelson Salamanca
|
0-0: Ball 1-0: Swinging Strike 1-1: Swinging Strike 1-2: Ball 2-2: Foul Ball, location: 2F 2-2: Strikes out looking
|
| Top of the 1st over - 0 runs, 0 hits, 0 errors, 0 left on base; Johnson City 0 - Helena 0 |
| BOTTOM OF THE 1ST |
|
Helena Brewers batting - Pitching for Johnson City Cardinals : LHP David Salas
|
|
Pitching: LHP David Salas
|
|
|
Batting: RHB Mohammed bin Ubaida
|
0-0: Swinging Strike 0-1: Foul Ball, location: 2F 0-2: Ground out 6-3 (Groundball, 56, EV 88.8 MPH)
|
|
Batting: LHB Jose Simental
|
0-0: Foul Ball, location: 2F 0-1: Foul Ball, location: 2F 0-2: Ball 1-2: Fly out, F9 (Flyball, 89D, EV 88.1 MPH)
|
|
Batting: RHB Jeremy Harden
|
0-0: Ball 1-0: Foul Ball, location: 2F 1-1: Called Strike 1-2: Ball 2-2: Fly out, F4 (Popup, 34D, EV 53.1 MPH)
|
| Bottom of the 1st over - 0 runs, 0 hits, 0 errors, 0 left on base; Johnson City 0 - Helena 0 |
| TOP OF THE 2ND |
|
Johnson City Cardinals batting - Pitching for Helena Brewers : RHP Johnathan Starr
|
|
Batting: SHB Justin Houser
|
0-0: Foul Ball, location: 2F 0-1: Ball 1-1: Ball 2-1: Foul Ball, location: 2F 2-2: Ball 3-2: Ground out U3 (Groundball, 3L, EV 95.0 MPH)
|
|
Batting: RHB McGwire Jones
|
0-0: Ball 1-0: Called Strike 1-1: Called Strike 1-2: Strikes out swinging
|
|
Batting: SHB Bobby Mercado
|
0-0: Called Strike 0-1: Foul Ball, location: 2F 0-2: Ground out 4-3 (Groundball, 34D, EV 86.2 MPH)
|
| Top of the 2nd over - 0 runs, 0 hits, 0 errors, 0 left on base; Johnson City 0 - Helena 0 |
| BOTTOM OF THE 2ND |
|
Helena Brewers batting - Pitching for Johnson City Cardinals : LHP David Salas
|
|
Batting: LHB Fumito Sakurai
|
0-0: Ball 1-0: Called Strike 1-1: Swinging Strike 1-2: SINGLE (Line Drive, 6D, EV 93.8 MPH)
|
|
Batting: RHB Tony Beaumond
|
0-0: Ball 1-0: Foul Ball, location: 2F 1-1: Ball 2-1: Ball 3-1: Ground out 6-3 (Groundball, 56D, EV 105.0 MPH) Fumito Sakurai to second
|
|
Batting: LHB John Fortin
|
0-0: Called Strike 0-1: Ground out 6-3 (Groundball, 6M, EV 89.4 MPH) Fumito Sakurai to third
|
|
Batting: LHB Greg Reedy
|
0-0: Called Strike 0-1: DOUBLE (Line Drive, 8RXD, EV 110.0 MPH) Fumito Sakurai scores
|
|
Batting: RHB Frank Pena
|
0-0: Ball 1-0: Ball 2-0: Ball 3-0: Foul Ball, location: 2F 3-1: Base on Balls
|
|
Batting: RHB Justin Marino
|
0-0: Ball 1-0: Fielders Choice at 2nd, 6-4 (Groundball, 6, EV 109.4 MPH)
|
| Bottom of the 2nd over - 1 run, 2 hits, 0 errors, 2 left on base; Johnson City 0 - Helena 1 |
| TOP OF THE 3RD |
|
Johnson City Cardinals batting - Pitching for Helena Brewers : RHP Johnathan Starr
|
|
Batting: RHB Mario Carbajal
|
0-0: Ball 1-0: Called Strike 1-1: Foul Ball, location: 2F 1-2: Ball 2-2: Strikes out looking
|
|
Batting: RHB Edgar Klockow
|
0-0: Ball 1-0: Foul Ball, location: 2F 1-1: Called Strike 1-2: Strikes out swinging
|
|
Batting: RHB Shou-feng Chang
|
0-0: Ground out 3-1 (Groundball, 34, EV 80.0 MPH)
|
| Top of the 3rd over - 0 runs, 0 hits, 0 errors, 0 left on base; Johnson City 0 - Helena 1 |
| BOTTOM OF THE 3RD |
|
Helena Brewers batting - Pitching for Johnson City Cardinals : LHP David Salas
|
|
Batting: RHB Mohammed bin Ubaida
|
0-0: Ball 1-0: Called Strike 1-1: Foul Ball, location: 2F 1-2: Ball 2-2: Ball 3-2: Base on Balls
|
|
Batting: LHB Jose Simental
|
0-0: Ball 1-0: Called Strike 1-1: Foul Ball, location: 2F 1-2: Hit by Pitch Mohammed bin Ubaida to second
|
|
Batting: RHB Jeremy Harden
|
0-0: Called Strike 0-1: Ball 1-1: Ball 2-1: Ball 3-1: Fly out, F9 (Line Drive, 9S, EV 98.8 MPH)
|
|
Batting: LHB Fumito Sakurai
|
0-0: Foul Ball, location: 2F 0-1: Called Strike 0-2: Ball 1-2: Ball 2-2: Ball 3-2: SINGLE (Groundball, 4MS, EV 68.8 MPH) (infield hit) Mohammed bin Ubaida to third Jose Simental to second
|
|
Batting: RHB Tony Beaumond
|
0-0: Ball 1-0: SINGLE (Line Drive, 8LS, EV 99.4 MPH) Mohammed bin Ubaida scores Jose Simental to third Fumito Sakurai to second Runner from 3rd tries for Home, throw by CF and OUT! 8-2
|
|
Batting: LHB John Fortin
|
0-0: Called Strike 0-1: Ball 1-1: Ball 2-1: Foul Ball, location: 2F 2-2: Ball 3-2: Base on Balls Fumito Sakurai to third Tony Beaumond to second
|
|
Batting: LHB Greg Reedy
|
0-0: Ball 1-0: Ball 2-0: Called Strike 2-1: Ball Passed Ball! Fumito Sakurai scores Tony Beaumond to third John Fortin to second 3-1: Base on Balls
|
|
Batting: RHB Frank Pena
|
0-0: Ball 1-0: Ball 2-0: Ball 3-0: Base on Balls Tony Beaumond scores John Fortin to third Greg Reedy to second
|
|
Batting: RHB Justin Marino
|
0-0: Foul Ball, location: 2F 0-1: Foul Ball, location: 2F 0-2: Foul Ball, location: 2F 0-2: Fly out, F7 (Flyball, 78S, EV 90.0 MPH)
|
| Bottom of the 3rd over - 3 runs, 2 hits, 0 errors, 3 left on base; Johnson City 0 - Helena 4 |
| TOP OF THE 4TH |
|
Johnson City Cardinals batting - Pitching for Helena Brewers : RHP Johnathan Starr
|
|
Batting: RHB Chris Rouleau
|
0-0: Foul Ball, location: 2F 0-1: Fly out, F8 (Flyball, 78D, EV 102.5 MPH)
|
|
Batting: LHB Ken Compton
|
0-0: Foul Ball, location: 2F 0-1: Ball 1-1: SINGLE (Groundball, 34D, EV 97.5 MPH)
|
|
Batting: RHB Nelson Salamanca
|
0-0: Ball 1-0: SINGLE (Line Drive, 4D, EV 96.2 MPH) Ken Compton to second
|
|
Batting: SHB Justin Houser
|
0-0: Swinging Strike 0-1: Swinging Strike 0-2: Ball 1-2: Fly out, F2 (Popup, 25F, EV 82.5 MPH)
|
|
Batting: RHB McGwire Jones
|
0-0: Ball 1-0: Called Strike 1-1: Fly out, F6 (Line Drive, 6M, EV 61.2 MPH)
|
| Top of the 4th over - 0 runs, 2 hits, 0 errors, 2 left on base; Johnson City 0 - Helena 4 |
| BOTTOM OF THE 4TH |
|
Helena Brewers batting - Pitching for Johnson City Cardinals : LHP David Salas
|
|
Batting: RHB Mohammed bin Ubaida
|
0-0: Called Strike 0-1: Called Strike 0-2: Ball 1-2: Ball 2-2: Foul Ball, location: 2F 2-2: Ball 3-2: Foul Ball, location: 2F 3-2: Foul Ball, location: 2F 3-2: Strikes out swinging
|
|
Pitching: RHP Jason Meade
|
|
|
Batting: LHB Jose Simental
|
0-0: Reached on error, E5 (Groundball, 56S, EV 78.1 MPH)
|
|
Batting: RHB Jeremy Harden
|
0-0: Fielders Choice at 2nd, 5-4 (Groundball, 5, EV 87.5 MPH)
|
|
Batting: LHB Fumito Sakurai
|
Pickoff Throw to First - Out! 1-3
|
| Bottom of the 4th over - 0 runs, 0 hits, 1 error, 0 left on base; Johnson City 0 - Helena 4 |
| TOP OF THE 5TH |
|
Johnson City Cardinals batting - Pitching for Helena Brewers : RHP Johnathan Starr
|
|
Batting: SHB Bobby Mercado
|
0-0: Foul Ball, location: 2F 0-1: Swinging Strike 0-2: Ball 1-2: Strikes out looking
|
|
Batting: RHB Mario Carbajal
|
0-0: Ball 1-0: Ground out U3 (Groundball, 3, EV 85.0 MPH)
|
|
Batting: RHB Edgar Klockow
|
0-0: Foul Ball, location: 2F 0-1: Foul Ball, location: 2F 0-2: Strikes out swinging
|
| Top of the 5th over - 0 runs, 0 hits, 0 errors, 0 left on base; Johnson City 0 - Helena 4 |
| BOTTOM OF THE 5TH |
|
Helena Brewers batting - Pitching for Johnson City Cardinals : RHP Jason Meade
|
|
Batting: LHB Fumito Sakurai
|
0-0: Called Strike 0-1: Ball 1-1: Called Strike 1-2: Hit by Pitch
|
|
Batting: RHB Tony Beaumond
|
0-0: Swinging Strike 0-1: Ball 1-1: Ball Fumito Sakurai steals 2nd, throwing error, E2 Fumito Sakurai to third 2-1: Ball 3-1: Foul Ball, location: 2F 3-2: Fly out, F4 (Line Drive, 4D, EV 76.9 MPH)
|
|
Batting: LHB John Fortin
|
0-0: Ball 1-0: Foul Ball, location: 2F 1-1: Ball 2-1: Foul Ball, location: 2F 2-2: Foul Ball, location: 2F 2-2: Ball 3-2: Base on Balls
|
|
Batting: LHB Greg Reedy
|
0-0: Called Strike 0-1: Ball 1-1: Ball 2-1: SINGLE (Groundball, 34S, EV 66.9 MPH) (infield hit) John Fortin to second
|
|
Batting: RHB Frank Pena
|
0-0: Ball 1-0: Swinging Strike 1-1: Foul Ball, location: 2F 1-2: Strikes out swinging
|
|
Batting: RHB Justin Marino
|
0-0: Called Strike 0-1: Ball 1-1: Ball 2-1: Foul Ball, location: 2F 2-2: SINGLE (Line Drive, 78S, EV 94.4 MPH) Fumito Sakurai scores John Fortin to third Greg Reedy to second
|
|
Batting: RHB Mohammed bin Ubaida
|
0-0: Ball 1-0: Fly out, F7 (Flyball, 78M, EV 81.2 MPH)
|
| Bottom of the 5th over - 1 run, 2 hits, 1 error, 3 left on base; Johnson City 0 - Helena 5 |
| TOP OF THE 6TH |
|
Johnson City Cardinals batting - Pitching for Helena Brewers : RHP Johnathan Starr
|
|
Batting: RHB Shou-feng Chang
|
0-0: Ball 1-0: Called Strike 1-1: Foul Ball, location: 2F 1-2: Strikes out swinging
|
|
Batting: RHB Chris Rouleau
|
0-0: Swinging Strike 0-1: Ball 1-1: Ball 2-1: SINGLE (Line Drive, 78S, EV 110.0 MPH)
|
|
Batting: LHB Ken Compton
|
0-0: Ball 1-0: Called Strike 1-1: Foul Ball, location: 2F 1-2: Strikes out looking
|
|
Batting: RHB Nelson Salamanca
|
0-0: Ball 1-0: Called Strike 1-1: Ball 2-1: Foul Ball, location: 2F 2-2: Strikes out swinging
|
| Top of the 6th over - 0 runs, 1 hit, 0 errors, 1 left on base; Johnson City 0 - Helena 5 |
| BOTTOM OF THE 6TH |
|
Helena Brewers batting - Pitching for Johnson City Cardinals : RHP Jason Meade
|
|
Batting: LHB Jose Simental
|
0-0: Called Strike 0-1: Ball 1-1: Foul Ball, location: 2F 1-2: Strikes out swinging
|
|
Batting: RHB Jeremy Harden
|
0-0: Called Strike 0-1: Fly out, F8 (Flyball, 8RD, EV 100.6 MPH)
|
|
Pitching: LHP Andy Fitzsimmons
|
|
|
Batting: LHB Fumito Sakurai
|
0-0: Fly out, F8 (Flyball, 78M, EV 90.0 MPH)
|
| Bottom of the 6th over - 0 runs, 0 hits, 0 errors, 0 left on base; Johnson City 0 - Helena 5 |
| TOP OF THE 7TH |
|
Johnson City Cardinals batting - Pitching for Helena Brewers : RHP Johnathan Starr
|
|
Batting: SHB Justin Houser
|
0-0: Ball 1-0: Foul Ball, location: 2F 1-1: Foul Ball, location: 2F 1-2: Strikes out swinging
|
|
Batting: RHB McGwire Jones
|
0-0: Ground out 6-3 (Groundball, 6S, EV 86.9 MPH)
|
|
Batting: SHB Bobby Mercado
|
0-0: Ball 1-0: Foul Ball, location: 2F 1-1: SINGLE (Line Drive, 78S, EV 91.2 MPH)
|
|
Batting: RHB Mario Carbajal
|
0-0: Called Strike Bobby Mercado is caught stealing 2nd base 2-4
|
| Top of the 7th over - 0 runs, 1 hit, 0 errors, 0 left on base; Johnson City 0 - Helena 5 |
| BOTTOM OF THE 7TH |
|
Helena Brewers batting - Pitching for Johnson City Cardinals : LHP Andy Fitzsimmons
|
|
Batting: RHB Tony Beaumond
|
0-0: Foul Ball, location: 2F 0-1: Ball 1-1: Ball 2-1: Called Strike 2-2: Foul Ball, location: 2F 2-2: Strikes out swinging
|
|
Batting: LHB John Fortin
|
0-0: Called Strike 0-1: Ball 1-1: Ball 2-1: Swinging Strike 2-2: Ball 3-2: Ground out 4-3 (Groundball, 4, EV 113.1 MPH)
|
|
Batting: LHB Greg Reedy
|
0-0: Ball 1-0: Ball 2-0: SOLO HOME RUN (Flyball, 8RXD, EV 107.5 MPH), Distance : 440 ft
|
|
Batting: RHB Frank Pena
|
0-0: Foul Ball, location: 2F 0-1: Ball 1-1: Called Strike 1-2: Ball 2-2: Foul Ball, location: 2F 2-2: Foul Ball, location: 2F 2-2: Ball 3-2: Foul Ball, location: 2F 3-2: Base on Balls
|
|
Batting: RHB Justin Marino
|
0-0: Ball 1-0: Ball 2-0: Ball 3-0: Called Strike 3-1: Called Strike 3-2: Foul Ball, location: 2F 3-2: SINGLE (Groundball, 6, EV 106.2 MPH) Frank Pena to second Frank Pena to third
|
|
Pitching: RHP Ricky Enriquez
|
|
|
Batting: RHB Mohammed bin Ubaida
|
0-0: Fly out, F9 (Flyball, 9D, EV 100.6 MPH)
|
| Bottom of the 7th over - 1 run, 2 hits, 0 errors, 2 left on base; Johnson City 0 - Helena 6 |
| TOP OF THE 8TH |
|
Johnson City Cardinals batting - Pitching for Helena Brewers : RHP Johnathan Starr
|
|
Batting: RHB Mario Carbajal
|
0-0: Swinging Strike 0-1: Swinging Strike 0-2: Ball 1-2: Ground out 6-3 (Groundball, 6, EV 85.0 MPH)
|
|
Batting: RHB Edgar Klockow
|
0-0: Ball 1-0: Ball 2-0: Foul Ball, location: 2F 2-1: Foul Ball, location: 2F 2-2: Ball 3-2: Base on Balls
|
|
Batting: RHB Shou-feng Chang
|
0-0: Ball 1-0: Ball 2-0: Foul Ball, location: 2F 2-1: Ball 3-1: Called Strike 3-2: DOUBLE (Line Drive, 3D, EV 95.0 MPH) Edgar Klockow to third
|
|
Batting: RHB Chris Rouleau
|
0-0: Swinging Strike 0-1: Foul Ball, location: 2F 0-2: Ball 1-2: Ball 2-2: Foul Ball, location: 2F 2-2: Ball 3-2: Fly out, F9 (Line Drive, 89D, EV 108.8 MPH)
|
|
Batting: LHB Ken Compton
|
0-0: Called Strike 0-1: Ground out U3 (Groundball, 3, EV 96.9 MPH)
|
| Top of the 8th over - 0 runs, 1 hit, 0 errors, 2 left on base; Johnson City 0 - Helena 6 |
| BOTTOM OF THE 8TH |
|
Helena Brewers batting - Pitching for Johnson City Cardinals : RHP Ricky Enriquez
|
|
Batting: LHB Jose Simental
|
0-0: Ball 1-0: Ball 2-0: Foul Ball, location: 2F 2-1: Foul Ball, location: 2F 2-2: Ground out 6-3 (Groundball, 6MS, EV 85.0 MPH)
|
|
Batting: RHB Jeremy Harden
|
0-0: Ball 1-0: Ball 2-0: Foul Ball, location: 2F 2-1: Foul Ball, location: 2F 2-2: Ball 3-2: Fly out, F6 (Line Drive, 6, EV 71.2 MPH)
|
|
Batting: LHB Fumito Sakurai
|
0-0: Ground out U3 (Groundball, 3S, EV 69.4 MPH)
|
| Bottom of the 8th over - 0 runs, 0 hits, 0 errors, 0 left on base; Johnson City 0 - Helena 6 |
| TOP OF THE 9TH |
|
Johnson City Cardinals batting - Pitching for Helena Brewers : RHP Johnathan Starr
|
|
Batting: RHB Nelson Salamanca
|
0-0: Foul Ball, location: 2F 0-1: Ground out 5-3 (Groundball, 56, EV 93.8 MPH)
|
|
Batting: SHB Justin Houser
|
0-0: Called Strike 0-1: Ball 1-1: Ball 2-1: Ball 3-1: Foul Ball, location: 2F 3-2: Fly out, F8 (Line Drive, 8LD, EV 103.1 MPH)
|
|
Batting: RHB McGwire Jones
|
0-0: Ball 1-0: Ball 2-0: Foul Ball, location: 2F 2-1: DOUBLE (Flyball, 78XD, EV 103.1 MPH)
|
|
Batting: SHB Bobby Mercado
|
0-0: Called Strike 0-1: DOUBLE (Flyball, 8LXD, EV 110.0 MPH) McGwire Jones scores
|
|
Pitching: RHP Ernie Borden
|
|
|
Batting: RHB Mario Carbajal
|
0-0: Called Strike 0-1: Called Strike 0-2: Ball 1-2: Foul Ball, location: 2F 1-2: Strikes out looking
|
| Top of the 9th over - 1 run, 2 hits, 0 errors, 1 left on base; Johnson City 1 - Helena 6 |
|